 Dungeon Sprint DCSS version 0.18.1-50-g88ac8fd (webtiles) character file.

11064 hexophile the Brawler (level 11, 0/131 HPs)
             Began as a Troll Monk on Oct 14, 2016.
             Was the Champion of Jiyva.
             Slain by Agnes
             ... wielding a +1 lajatang of venom
              (18 damage)
             ... in the Dungeon (Sprint IX: "|||||||||||||||||||||||||||||").
             The game lasted 00:10:17 (1608 turns).

hexophile the Brawler (Troll Monk)                  Turns: 1608, Time: 00:10:17

Health: 0/131      AC: 12    Str: 26    XL:     11   Next: 44%
Magic:  4/10       EV: 10    Int:  8    God:    Jiyva [******]
Gold:   303        SH: 14    Dex: 15    Spells: 0 memorised, 10 levels left

rFire  + . .     SeeInvis .       - Unarmed
rCold  + + .     Gourm    +     y - +0 storm dragon armour {rElec}
rNeg   . . .     Faith    .     u - +2 shield of Resistance {rF+ rC+ MR+}
rPois  .         Spirit   .     (helmet restricted)
rElec  +         Dismiss  .     k - +0 cloak
rCorr  +         Reflect  .     (gloves unavailable)
SustAt .         Harm     .     (boots unavailable)
MR     ++...     Clarity  +     (no amulet)
Stlth  .......... NoTele   +    x - ring of protection from cold {rC+}
                                n - +3 ring of strength

@: lethally poisoned (0 -> -68), slimy, very resistant to hostile enchantments,
extremely unstealthy
A: unfitting armour, claws 3, horns 1, large bone plates 1, thin skeletal
structure 1, clarity, fast metabolism 3, gourmand, magic resistance 1, sense
surroundings 1, regeneration 2, shaggy fur 2, strong 1, tough skin 2, wild magic
1, eyeballs 1, pseudopods 2, translucent skin 1
a: Request Jelly, Jelly Paralyse, Slimify, Cure Bad Mutation, Renounce Religion


You were in the Dungeon.
You worshipped Jiyva.
Jiyva was exalted by your worship.
You were very full.

You visited 1 branch You collected 815 gold pieces.
You spent 512 gold pieces at shops.


Innate Abilities, Weirdness & Mutations

You are too large for most types of armour.
You have claws for hands.
Your metabolism is lightning-fast.
You like to eat raw meat.
You heal very quickly.
You are covered in thick fur (AC +2).
You have very tough skin (AC +2).
You have a pair of small horns on your head.
You are partially covered in large bone plates (AC +2, SH +2).
You have a somewhat thin skeletal structure (Dex +2, Stealth).
You possess an exceptional clarity of mind.
You are resistant to hostile enchantments.
You passively map a small area around you.
Your muscles are strong. (Str +2)
Your spells are a little harder to cast, but a little more powerful.
Your body is partially covered in golden eyeballs (Acc +3).
Armour fits poorly on your large pseudopods.
Your skin is partially translucent (Stealth, -foe acc).

Inventory:

Armour
 k - a +0 cloak (worn)
 u - the +2 shield of Resistance (worn) {rF+ rC+ MR+}
   (You acquired it in the Dungeon)

   It protects you from fire.
   It protects you from cold.
   It affects your resistance to hostile enchantments.
 v - a +2 robe of magic resistance {MR+}
 y - a +0 storm dragon armour (worn) {rElec}
Jewellery
 a - an uncursed ring of protection from cold {rC+}
 m - a +2 ring of evasion
 n - a +3 ring of strength (left claw)
 w - an uncursed ring of protection from magic {MR+}
 x - a ring of protection from cold (right claw) {rC+}
Wands
 j - a wand of iceblast (7/15)
Scrolls
 h - 7 scrolls of blinking
 i - 4 scrolls of remove curse
 q - a scroll of recharging
 s - 2 scrolls of identify
 t - a scroll of fog
 z - a scroll of fear
 A - 2 scrolls of enchant armour
Potions
 b - a potion of invisibility
 c - 5 potions of curing
 d - 3 potions of heal wounds
 e - 4 potions of haste
 f - 4 potions of magic
 g - a potion of berserk rage
 l - 2 potions of cure mutation {!q}
 o - a potion of might {Str+5 DMG+1d10}
Comestibles
 p - a meat ration
 r - 2 bread rations


You had 10 spell levels left.
You didn't know any spells.


   Skills:
 * Level 14.9 Fighting
 * Level 10.9 Dodging
 - Level 1.1 Stealth
 * Level 3.6 Shields
 * Level 17.5 Unarmed Combat

Dungeon Overview and Level Annotations

Branches:
Dungeon (1/1)

Altars:
Cheibriados
Dithmenos
Elyvilon
Fedhas
Gozag
Kikubaaqudgha
Makhleb
Nemelex Xobeh
Okawaru
Pakellas
Qazlal
Ru
Sif Muna
Trog
Vehumet
Xom
Yredelemnul
Zin
The Shining One
Beogh
Jiyva
Lugonu

Shops:
D [[?*

Annotations:
D Agnes

Vault maps used:
D:        linesprint
You       could see
Agnes     and a neutral jelly (fellow slime).


Message History

You lost 4 HP.
You have now: 127/131 HP.
You miss Agnes. Your bludgeon misses Agnes.
Agnes is moderately wounded.
You block Agnes's attack.
You closely miss Agnes. Your bludgeon misses Agnes.
Agnes is moderately wounded.
Agnes hits you with a lajatang of venom!!
You are poisoned.
You block Agnes's attack.
You lost 24 HP.
You have now: 103/131 HP.
You claw Agnes!
Agnes is moderately wounded.
You feel sick.
Agnes hits you with a lajatang of venom!
You are more poisoned.
You lost 17 HP.
You have now: 86/131 HP.
You mangle Agnes!!
Agnes is heavily wounded.
You feel very sick.
Agnes hits you with a lajatang of venom!
You are more poisoned.
Agnes hits you with a lajatang of venom.
You are more poisoned.
You lost 21 HP.
You have now: 65/131 HP.
You miss Agnes. You headbutt Agnes.
Agnes is severely wounded.
You feel very sick.
Agnes hits you with a lajatang of venom!!
* * * LOW HITPOINT WARNING * * *
You are lethally poisoned!
You lost 21 HP.
You have now: 44/131 HP.
You feel slightly less full.
* * * LOW HITPOINT WARNING * * *
You feel extremely sick. You block Agnes's attack.
Agnes says, "You will find the Path of Peace easy to follow, in death."
Agnes hits you with a lajatang of venom!
* * * LOW HITPOINT WARNING * * *
Agnes closely misses you.
You lost 13 HP.
You have now: 31/131 HP.
Unknown command.
A thick mucus forms on your claws.
You feel somewhat less full.
* * * LOW HITPOINT WARNING * * *
You feel very sick.
Agnes hits you with a lajatang of venom!
* * * LOW HITPOINT WARNING * * *
You are more poisoned.
Agnes hits you with a lajatang of venom!!
You die...

Action                   |  1- 3 |  4- 6 |  7- 9 | 10-12 || total
-------------------------+-------+-------+-------+-------++-------
Melee: Unarmed           |    22 |    27 |    73 |   161 ||   283
       Kick              |       |     4 |     3 |    25 ||    32
       Punch             |       |     1 |     8 |    12 ||    21
       Headbutt          |       |       |    19 |    17 ||    36
       Pseudopods        |       |       |    18 |     9 ||    27
       Bite              |       |       |       |     2 ||     2
Invok: Request Jelly     |       |     1 |     1 |     5 ||     7
       Slimify           |       |       |       |     4 ||     4
  Use: Potion            |       |       |       |     6 ||     6
       Scroll            |       |       |       |     1 ||     1
 Stab: Confused          |       |       |     4 |     2 ||     6
       Sleeping          |       |       |       |     1 ||     1
  Eat: Chunk             |     3 |       |     1 |       ||     4
Armor: Robe              |     7 |     3 |    11 |    18 ||    39
       Storm dragon armo |       |       |       |     5 ||     5
Dodge: Dodged            |    11 |     8 |    35 |    80 ||   134
Block: Other             |       |       |       |     2 ||     2
       Shield            |       |       |       |    15 ||    15

Notes
Turn   | Place    | Note
--------------------------------------------------------------
     0 | D        | hexophile the Troll Monk began the quest for the Orb.
     0 | D        | Reached XP level 1. HP: 22/22 MP: 0/0
    10 | D        | Reached skill level 3 in Fighting
    88 | D        | Noticed a crimson imp
    88 | D        | Noticed a sky beast
    88 | D        | Noticed a phantom
    90 | D        | Killed a crimson imp
    90 | D        | Reached skill level 4 in Fighting
    90 | D        | Reached skill level 6 in Unarmed Combat
    90 | D        | Reached XP level 2. HP: 33/33 MP: 1/1
    90 | D        | Reached XP level 3. HP: 40/40 MP: 2/2
    96 | D        | Killed a sky beast
    96 | D        | Reached skill level 6 in Fighting
    96 | D        | Reached skill level 8 in Unarmed Combat
    96 | D        | Reached XP level 4. HP: 44/52 MP: 3/3
   112 | D        | Killed a phantom
   112 | D        | Reached skill level 7 in Fighting
   112 | D        | Reached skill level 9 in Unarmed Combat
   112 | D        | Reached XP level 5. HP: 47/62 MP: 4/4
   122 | D        | Found a glowing silver altar of Zin.
   122 | D        | Found a glowing golden altar of the Shining One.
   122 | D        | Found an ancient bone altar of Kikubaaqudgha.
   122 | D        | Found a basalt altar of Yredelemnul.
   122 | D        | Found a shimmering altar of Xom.
   122 | D        | Found a radiant altar of Vehumet.
   123 | D        | Found an iron altar of Okawaru.
   124 | D        | Found a burning altar of Makhleb.
   125 | D        | Found a deep blue altar of Sif Muna.
   126 | D        | Found a bloodstained altar of Trog.
   127 | D        | Found a sparkling altar of Nemelex Xobeh.
   128 | D        | Found a white marble altar of Elyvilon.
   129 | D        | Found a roughly hewn altar of Beogh.
   130 | D        | Found a viscous altar of Jiyva.
   131 | D        | Found a corrupted altar of Lugonu.
   132 | D        | Found a blossoming altar of Fedhas.
   133 | D        | Found a snail-covered altar of Cheibriados.
   134 | D        | Found a shadowy altar of Dithmenos.
   135 | D        | Found a stormy altar of Qazlal.
   136 | D        | Found an opulent altar of Gozag.
   137 | D        | Found a sacrificial altar of Ru.
   138 | D        | Found an oddly glowing altar of Pakellas.
   170 | D        | Became a worshipper of Jiyva Jyfekhly the Shapeless
   170 | D        | Reached * piety under Jiyva
   170 | D        | Reached ** piety under Jiyva
   187 | D        | Got the +2 scimitar of Bool {drain, MR+}
   230 | D        | Reached *** piety under Jiyva
   230 | D        | Reached **** piety under Jiyva
   230 | D        | Gained mutation: You are resistant to hostile enchantments. [Jiyva's grace]
   232 | D        | Gained mutation: You are highly resistant to hostile enchantments. [Jiyva's grace]
   232 | D        | Reached ***** piety under Jiyva
   232 | D        | Gained mutation: Your skin is partially translucent (Stealth, -foe acc). [Jiyva's grace]
   232 | D        | Lost mutation: You are highly resistant to hostile enchantments. [Jiyva's grace]
   234 | D        | Reached ****** piety under Jiyva
   234 | D        | Gained mutation: You are covered in slimy tendrils that may disarm your opponents. [Jiyva's grace]
   235 | D        | Gained mutation: You have sharp toenails. [Jiyva's grace]
   258 | D        | Killed an unseen horror
   258 | D        | Reached skill level 10 in Fighting
   258 | D        | Reached skill level 12 in Unarmed Combat
   258 | D        | Reached XP level 6. HP: 33/78 MP: 5/5
   258 | D        | Reached XP level 7. HP: 36/85 MP: 6/6
   266 | D        | Lost mutation: You are resistant to hostile enchantments. [Jiyva's grace]
   309 | D        | Gained mutation: You have a pair of small horns on your head. [Jiyva's grace]
   310 | D        | Gained mutation: You have supernaturally acute eyesight. [Jiyva's grace]
   311 | D        | Gained mutation: Armour fits poorly on your pseudopods. [Jiyva's grace]
   312 | D        | Gained mutation: Your body is partially covered in golden eyeballs (Acc +3). [Jiyva's grace]
   314 | D        | Gained mutation: You have a small jelly attached to you that senses nearby items. [Jiyva's grace]
   314 | D        | Gained mutation: Your mind is acute. (Int +2) [Jiyva's grace]
   319 | D        | Gained mutation: Your body is mostly covered in golden eyeballs (Acc +5). [Jiyva's grace]
   324 | D        | Gained mutation: You are partially covered in rugged brown scales (AC +1, +3% HP). [Jiyva's grace]
   330 | D        | Gained mutation: You have a pair of horns on your head. [Jiyva's grace]
   333 | D        | Lost mutation: Your mind is acute. (Int +2) [Jiyva's grace]
   333 | D        | Lost mutation: You have sharp toenails. [Jiyva's grace]
   333 | D        | Lost mutation: You have a pair of horns on your head. [Jiyva's grace]
   334 | D        | Gained mutation: Your rubbery body absorbs attacks (AC +1). [Jiyva's grace]
   334 | D        | Gained mutation: You are agile. (Dex +2) [Jiyva's grace]
   335 | D        | Noticed a troll
   335 | D        | Noticed a wind drake
   335 | D        | Noticed a shadow
   335 | D        | Gained mutation: Your pliable body absorbs attacks (AC +1, EV +1). [Jiyva's grace]
   337 | D        | Gained mutation: You are robust (+10% HP). [Jiyva's grace]
   338 | D        | Gained mutation: Your gelatinous body deflects attacks (AC +2, EV +2). [Jiyva's grace]
   343 | D        | Killed a troll
   343 | D        | Reached XP level 8. HP: 84/108 MP: 7/7
   346 | D        | Gained mutation: You are very agile. (Dex +4) [Jiyva's grace]
   347 | D        | Killed a wind drake
   347 | D        | Reached skill level 11 in Fighting
   347 | D        | Reached skill level 13 in Unarmed Combat
   352 | D        | Gained mutation: Your muscles are strong. (Str +2) [Jiyva's grace]
   358 | D        | Gained mutation: You are resistant to hostile enchantments. [Jiyva's grace]
   360 | D        | Gained mutation: You have a somewhat thin skeletal structure (Dex +2, Stealth). [Jiyva's grace]
   466 | D        | Lost mutation: You have a small jelly attached to you that senses nearby items. [Jiyva's grace]
   470 | D        | Gained mutation: You have a pair of horns on your head. [Jiyva's grace]
   472 | D        | Gained mutation: You are partially covered in rough black scales (AC +4, Dex -1). [Jiyva's grace]
   473 | D        | Lost mutation: You are very agile. (Dex +4) [Jiyva's grace]
   474 | D        | Gained mutation: You are highly resistant to hostile enchantments. [Jiyva's grace]
   475 | D        | Lost mutation: Your skin is partially translucent (Stealth, -foe acc). [Jiyva's grace]
   476 | D        | Lost mutation: Your muscles are strong. (Str +2) [Jiyva's grace]
   477 | D        | Lost mutation: You are robust (+10% HP). [Jiyva's grace]
   477 | D        | Lost mutation: You are partially covered in rugged brown scales (AC +1, +3% HP). [Jiyva's grace]
   478 | D        | Lost mutation: You have supernaturally acute eyesight. [Jiyva's grace]
   479 | D        | Noticed a spiny frog
   479 | D        | Noticed a spiny frog
   479 | D        | Gained mutation: Your skin is partially translucent (Stealth, -foe acc). [Jiyva's grace]
   479 | D        | Gained mutation: You evolve. [Jiyva's grace]
   480 | D        | Lost mutation: You have a pair of horns on your head. [Jiyva's grace]
   480 | D        | Lost mutation: You evolve. [Jiyva's grace]
   480 | D        | Gained mutation: You are somewhat resistant to further mutation. [Jiyva's grace]
   480 | D        | Lost mutation: You are somewhat resistant to further mutation. [Jiyva's grace]
   482 | D        | Killed a spiny frog
   482 | D        | Reached skill level 3 in Dodging
   486 | D        | Reached skill level 4 in Dodging
   489 | D        | Reached skill level 14 in Unarmed Combat
   498 | D        | Killed a spiny frog
   498 | D        | Reached skill level 12 in Fighting
   498 | D        | Reached XP level 9. HP: 55/106 MP: 8/8
   499 | D        | Reached skill level 5 in Dodging
   621 | D        | Noticed a four-headed hydra
   627 | D        | Reached skill level 6 in Dodging
   628 | D        | Noticed a komodo dragon
   632 | D        | Killed an eight-headed hydra
   632 | D        | Reached skill level 7 in Dodging
   632 | D        | Reached skill level 15 in Unarmed Combat
   638 | D        | Reached skill level 13 in Fighting
   643 | D        | Lost mutation: You have a pair of small horns on your head. [Jiyva's grace]
   646 | D        | Killed a komodo dragon
   646 | D        | Reached XP level 10. HP: 64/119 MP: 9/9
   647 | D        | Lost mutation: Armour fits poorly on your pseudopods. [Jiyva's grace]
   648 | D        | Lost mutation: Your skin is partially translucent (Stealth, -foe acc). [Jiyva's grace]
   654 | D        | Gained mutation: You can translocate small distances at will. [Jiyva's grace]
   708 | D        | Gained mutation: You have large cloven feet. [Jiyva's grace]
   708 | D        | Gained mutation: You are very agile. (Dex +4) [Jiyva's grace]
   708 | D        | Gained mutation: Your mind is acute. (Int +2) [Jiyva's grace]
   729 | D        | Reached skill level 8 in Dodging
   754 | D        | Gained mutation: Your mind is very acute. (Int +4) [Jiyva's grace]
   764 | D        | Lost mutation: Your mind is very acute. (Int +4) [Jiyva's grace]
   877 | D        | Noticed an orc knight
   890 | D        | Killed an orc knight
   890 | D        | Reached skill level 16 in Unarmed Combat
   893 | D        | Gained mutation: Your muscles are strong. (Str +2) [Jiyva's grace]
   894 | D        | Lost mutation: You are covered in slimy tendrils that may disarm your opponents. [Jiyva's grace]
   894 | D        | Lost mutation: Your mind is acute. (Int +2) [Jiyva's grace]
   898 | D        | Lost mutation: Your body is mostly covered in golden eyeballs (Acc +5). [Jiyva's grace]
   900 | D        | Lost mutation: You have a somewhat thin skeletal structure (Dex +2, Stealth). [Jiyva's grace]
   900 | D        | Gained mutation: You have acidic saliva. [Jiyva's grace]
   900 | D        | Lost mutation: Your gelatinous body deflects attacks (AC +2, EV +2). [Jiyva's grace]
   900 | D        | Gained mutation: Your body is mostly covered in golden eyeballs (Acc +5). [Jiyva's grace]
   900 | D        | Lost mutation: Your body is mostly covered in golden eyeballs (Acc +5). [Jiyva's grace]
   904 | D        | Lost mutation: You have acidic saliva. [Jiyva's grace]
   904 | D        | Lost mutation: Your body is partially covered in golden eyeballs (Acc +3). [Jiyva's grace]
   904 | D        | Lost mutation: You are very agile. (Dex +4) [Jiyva's grace]
   904 | D        | Lost mutation: You are highly resistant to hostile enchantments. [Jiyva's grace]
   905 | D        | Lost mutation: Your pliable body absorbs attacks (AC +1, EV +1). [Jiyva's grace]
   906 | D        | Gained mutation: You have a somewhat thin skeletal structure (Dex +2, Stealth). [Jiyva's grace]
   927 | D        | Reached skill level 9 in Dodging
   927 | D        | Gained mutation: You evolve. [Jiyva's grace]
   927 | D        | Lost mutation: You evolve. [Jiyva's grace]
   927 | D        | Gained mutation: Your muscles are very strong. (Str +4) [Jiyva's grace]
   935 | D        | Noticed an orc knight
   940 | D        | Gained mutation: You have acidic saliva. [Jiyva's grace]
   940 | D        | Gained mutation: You possess an exceptional clarity of mind. [Jiyva's grace]
   940 | D        | Lost mutation: You have large cloven feet. [Jiyva's grace]
   946 | D        | Lost mutation: You can translocate small distances at will. [Jiyva's grace]
   949 | D        | Lost mutation: You are agile. (Dex +2) [Jiyva's grace]
   949 | D        | Lost mutation: Your rubbery body absorbs attacks (AC +1). [Jiyva's grace]
   949 | D        | Lost mutation: You are resistant to hostile enchantments. [Jiyva's grace]
   952 | D        | Lost mutation: You have acidic saliva. [Jiyva's grace]
   952 | D        | Gained mutation: You are partially covered in large bone plates (AC +2, SH +2). [Jiyva's grace]
   958 | D        | Killed an orc knight
   958 | D        | Reached skill level 14 in Fighting
   960 | D        | Gained mutation: You have a small jelly attached to you that may absorb incoming projectiles. [Jiyva's grace]
   960 | D        | Gained mutation: You passively map a small area around you. [Jiyva's grace]
   960 | D        | Lost mutation: You are partially covered in rough black scales (AC +4, Dex -1). [Jiyva's grace]
   962 | D        | Gained mutation: You are agile. (Dex +2) [Jiyva's grace]
   962 | D        | Lost mutation: You have a small jelly attached to you that may absorb incoming projectiles. [Jiyva's grace]
   979 | D        | Gained mutation: Your spells are a little harder to cast, but a little more powerful. [Jiyva's grace]
   980 | D        | Lost mutation: You are agile. (Dex +2) [Jiyva's grace]
   980 | D        | Gained mutation: You have a pair of small antennae on your head. [Jiyva's grace]
   980 | D        | Gained mutation: Your movements are slightly less encumbered by armour (ER -2). [Jiyva's grace]
   981 | D        | Found Qeomp's Armour Emporium.
   981 | D        | Noticed an orc sorcerer
   982 | D        | Noticed an orc sorcerer
   987 | D        | Found Miyb's Armour Shoppe.
   988 | D        | Noticed an orc sorcerer
   995 | D        | Noticed a soul eater
   997 | D        | Killed an orc sorcerer
   999 | D        | Noticed a sun demon
  1001 | D        | Killed an orc sorcerer
  1001 | D        | Reached skill level 10 in Dodging
  1001 | D        | Reached XP level 11. HP: 61/131 MP: 10/10
  1012 | D        | Paralysed by an orc sorcerer for 3 turns
  1015 | D        | Slimified an orc sorcerer
  1015 | D        | Noticed an acid blob
  1015 | D        | an orc sorcerer changed into an acid blob
  1016 | D        | Found Juaxiv's Magic Scroll Emporium.
  1019 | D        | Lost mutation: You possess an exceptional clarity of mind. [Jiyva's grace]
  1021 | D        | Lost mutation: You have a pair of small antennae on your head. [Jiyva's grace]
  1021 | D        | Gained mutation: You evolve. [Jiyva's grace]
  1021 | D        | Lost mutation: Your movements are slightly less encumbered by armour (ER -2). [Jiyva's grace]
  1024 | D        | Gained mutation: You have acidic saliva. [Jiyva's grace]
  1025 | D        | Found Zazoalepn's Assorted Antiques.
  1027 | D        | Noticed an orc sorcerer
  1029 | D        | Noticed an orc sorcerer
  1030 | D        | Noticed an orc sorcerer
  1031 | D        | Gained mutation: You have a pair of small horns on your head. [Jiyva's grace]
  1035 | D        | Bought a scroll labeled VIPURY ECZUV for 23 gold pieces
  1036 | D        | Killed an orc sorcerer
  1043 | D        | Killed an orc sorcerer
  1043 | D        | Reached skill level 17 in Unarmed Combat
  1048 | D        | Killed an orc sorcerer
  1048 | D        | Reached skill level 1 in Shields
  1053 | D        | Gained mutation: You have a moderately thin skeletal structure (Dex +4, Stealth+). [Jiyva's grace]
  1053 | D        | Gained mutation: Your spells are harder to cast, but more powerful. [Jiyva's grace]
  1053 | D        | Gained mutation: Armour fits poorly on your pseudopods. [Jiyva's grace]
  1053 | D        | Gained mutation: Your mind is acute. (Int +2) [Jiyva's grace]
  1054 | D        | Gained mutation: You are covered in slimy tendrils that may disarm your opponents. [Jiyva's grace]
  1054 | D        | Lost mutation: Your mind is acute. (Int +2) [Jiyva's grace]
  1054 | D        | Gained mutation: Armour fits poorly on your large pseudopods. [Jiyva's grace]
  1057 | D        | Lost mutation: You evolve. [Jiyva's grace]
  1072 | D        | Bought a +2 robe of magic resistance for 212 gold pieces
  1087 | D        | Bought a scroll of blinking for 105 gold pieces
  1089 | D        | Bought a scroll of blinking for 172 gold pieces
  1195 | D        | Got the +5 war axe of Aklut {venom, *Corrode rPois rF- rC++}
  1288 | D        | Lost mutation: Your spells are harder to cast, but more powerful. [Jiyva's grace]
  1290 | D        | Gained mutation: You have supernaturally acute eyesight. [Jiyva's grace]
  1293 | D        | Gained mutation: You possess an exceptional clarity of mind. [Jiyva's grace]
  1298 | D        | Gained mutation: Your skin is partially translucent (Stealth, -foe acc). [Jiyva's grace]
  1303 | D        | Gained mutation: Your skin is mostly translucent (Stealth, -foe acc). [Jiyva's grace]
  1311 | D        | Lost mutation: You have acidic saliva. [Jiyva's grace]
  1367 | D        | Gained mutation: You are covered in thick fur (AC +2). [Jiyva's grace]
  1370 | D        | Gained mutation: Your body is partially covered in golden eyeballs (Acc +3). [Jiyva's grace]
  1377 | D        | Lost mutation: Your skin is mostly translucent (Stealth, -foe acc). [Jiyva's grace]
  1403 | D        | Noticed a six-headed hydra
  1403 | D        | Noticed a centaur warrior
  1405 | D        | Slimified a six-headed hydra
  1405 | D        | Noticed an azure jelly
  1405 | D        | a six-headed hydra changed into an azure jelly
  1414 | D        | Killed a centaur warrior
  1414 | D        | Reached skill level 2 in Shields
  1419 | D        | Lost mutation: Armour fits poorly on your large pseudopods. [Jiyva's grace]
  1421 | D        | Noticed a wizard
  1422 | D        | Noticed a great orb of eyes
  1434 | D        | Killed a wizard
  1435 | D        | Noticed a stone giant
  1436 | D        | Noticed a vampire mage
  1436 | D        | Lost mutation: You are covered in slimy tendrils that may disarm your opponents. [Jiyva's grace]
  1436 | D        | Killed a great orb of eyes
  1437 | D        | Lost mutation: Your muscles are very strong. (Str +4) [Jiyva's grace]
  1438 | D        | Noticed an ettin
  1439 | D        | Noticed a fire dragon
  1447 | D        | Killed a stone giant
  1447 | D        | Reached skill level 3 in Shields
  1452 | D        | Killed a vampire mage
  1454 | D        | Gained mutation: You are resistant to hostile enchantments. [Jiyva's grace]
  1455 | D        | Killed an ettin
  1456 | D        | Killed a fire dragon
  1459 | D        | Gained mutation: Armour fits poorly on your large pseudopods. [Jiyva's grace]
  1459 | D        | Lost mutation: You have a moderately thin skeletal structure (Dex +4, Stealth+). [Jiyva's grace]
  1459 | D        | Lost mutation: You have supernaturally acute eyesight. [Jiyva's grace]
  1589 | D        | Noticed Agnes
  1608 | D        | Slain by Agnes

Table legend:
 A = Turns spent in this place as a percentage of turns spent in the entire game.
 B = Non-inter-level travel turns spent in this place as a percentage of non-inter-level travel turns spent in the entire game.
 C = Inter-level travel turns spent in this place as a percentage of turns spent in this place.
 D = Turns resting spent in this place as a percentage of non-inter-level travel turns spent in this place.
 E = Turns spent auto-exploring this place as a percentage of non-inter-level travel turns spent in this place.
 F = Non-inter-level travel turns spent in this place divided by the number of levels of this place that you've seen.
                   A       B       C       D       E      F
               +-------+-------+-------+-------+-------+----------------------
         Total | 100.0 | 100.0 |   0.0 |   2.0 |   0.5 | 1099.0
       Dungeon | 100.0 | 100.0 |   0.0 |   2.0 |   0.5 | 1099.0
               +-------+-------+-------+-------+-------+----------------------

Table legend:
 A = Kills in this place as a percentage of kills in entire the game.
 B = Kills by you in this place as a percentage of kills by you in the entire game.
 C = Kills by friends in this place as a percentage of kills by friends in the entire game.
 D = Other kills in this place as a percentage of other kills in the entire game.
 E = Experience gained in this place as a percentage of experience gained in the entire game.
 F = Experience gained in this place divided by the number of levels of this place that you have seen.
                   A       B       C       D       E      F
               +-------+-------+-------+-------+-------+----------------------
         Total | 100.0 | 100.0 |  -nan | 100.0 | 100.0 | 15807.0
       Dungeon | 100.0 | 100.0 |  -nan | 100.0 | 100.0 | 15807.0
               +-------+-------+-------+-------+-------+----------------------

Vanquished Creatures
  A stone giant (D)
  A hydra (D)
  An unseen horror (D)
  2 orc knights (D)
  5 orc sorcerers (D)
  2 spiny frogs (D)
  A komodo dragon (D)
  3 polar bears (D)
  A troll (D)
  A wind drake (shapeshifter) (D)
  A shadow (D)
  A yak (D)
  A basilisk (D)
  A hippogriff (D)
  6 porcupines (D)
  11 orc warriors (D)
  A sky beast (D)
  A phantom (D)
  4 black bears (D)
  2 wolves (D)
  2 giant frogs (D)
  A killer bee (D)
  A crimson imp (D)
  A hound (D)
  An orc priest (D)
  11 orc wizards (D)
  An iguana (D)
  A worker ant (D)
  2 giant geckos (D)
  8 orcs (D)
  A bat skeleton (D)
  A hobgoblin (D)
  A jackal (D)
  2 bats (D)
  A giant cockroach zombie (D)
  A giant gecko skeleton (D)
  A giant newt (D)
  A kobold (D)
85 creatures vanquished.

Vanquished Creatures (others)
  An ettin (D)
  A fire dragon (D)
  A great orb of eyes (D)
  A centaur warrior (D)
  A vampire mage (D)
  A wizard (D)
  A manticore (D)
  A wyvern (shapeshifter) (D)
  2 black bears (D)
  9 jellies (D)
  A wight (D)
  2 crimson imps (D)
  A bat skeleton (D)
23 creatures vanquished.

Grand Total: 108 creatures vanquished
